 Dungeon Crawl Stone Soup version 0.18-a0-1572-g0a86841 (webtiles) character file.

32 Oddball22 the Vexing (level 3, -10/17 HPs)
             Began as a Spriggan Arcane Marksman on Mar 15, 2016.
             Killed by nerve-wracking pain
             ... invoked by Jessica
              (14 damage)
             ... on level 2 of the Dungeon.
             The game lasted 00:03:30 (975 turns).

Oddball22 the Vexing (Spriggan Arcane Marksman)      Turns: 975, Time: 00:03:30

Health: -10/17     AC:  2    Str:  7    XL:     3   Next: 8%
Magic:  3/7        EV: 18    Int: 14    God:
Gold:   22         SH:  0    Dex: 16    Spells: 3 memorised, 0 levels left

rFire  . . .     SeeInvis +     a - +0 hunting sling
rCold  . . .     Gourm    .     b - +0 robe
rNeg   . . .     Faith    .     (shield restricted)
rPois  .         Spirit   .     (helmet restricted)
rElec  .         Dismiss  .     (no cloak)
rCorr  .         Reflect  .     (gloves unavailable)
SustAt .         Harm     .     (boots unavailable)
MR     .....                    (no amulet)
Stlth  +.........               (no ring)
                                (no ring)

@: very quick, not resistant to hostile enchantments, very unstealthy
A: unfitting armour, see invisible, herbivore 3, speed 3, slow metabolism 2
a: no special abilities


You were on level 2 of the Dungeon.
You were not hungry.

You visited 1 branch of the dungeon, and saw 2 of its levels.

You collected 22 gold pieces.

Inventory:

Hand Weapons
 a - a +0 hunting sling (weapon)
Missiles
 d - 33 sling bullets (quivered)
 i - 23 stones
Armour
 b - a +0 robe (worn)
Scrolls
 g - a scroll of remove curse {unknown}
 h - a scroll of fog {unknown}
 l - a scroll of amnesia {unknown}
Potions
 e - 4 potions of magic {unknown}
 j - a potion of agility {unknown}
Books
 c - a book of Debilitation

   Spells                             Type                      Level
   a - Corona                         Hexes                        1
   b - Slow                           Hexes                        2
   c - Gell's Gravitas                Hexes/Translocation          3
   d - Inner Flame                    Hexes/Fire                   3
   e - Cause Fear                     Hexes                        4
   f - Leda's Liquefaction            Hexes/Earth                  4
Comestibles
 f - 2 bread rations
 k - a royal jelly


   Skills:
 - Level 0.7 Fighting
 + Level 3.4 Slings
 + Level 3.2 Dodging
 + Level 2.3 Spellcasting
 + Level 3.9 Hexes


You couldn't memorise any spells.
You knew the following spells:

 Your Spells              Type           Power        Failure   Level  Hunger
a - Corona                Hex            ##.....      4%          1    #......
b - Slow                  Hex            ##......     10%         2    ###....
c - Gell's Gravitas       Hex/Tloc       #.........   30%         3    ###....


Dungeon Overview and Level Annotations

Branches:
Dungeon (2/15)

Altars:

Annotations:
D:2 Jessica


Innate Abilities, Weirdness & Mutations

You are tiny and cannot use many weapons and most armour.
You have supernaturally acute eyesight.
You are a herbivore.
You cover ground extremely quickly.
You need consume almost no food.


Message History

Press: ? - help, Shift-Dir - straight line, f/p - Jessica
Aim: Jessica, wielding a dagger of speed and wearing a robe (softly glowing)
You shoot a sling bullet.
The sling bullet hits Jessica but does no damage.
Firing (i - inventory. (,) - cycle):
d - 35 sling bullets (quivered)
Press: ? - help, Shift-Dir - straight line, f/p - Jessica
Aim: Jessica, wielding a dagger of speed and wearing a robe (softly glowing)
You shoot a sling bullet. The sling bullet hits Jessica.
Jessica is heavily wounded.
Firing (i - inventory. (,) - cycle):
d - 34 sling bullets (quivered)
Press: ? - help, Shift-Dir - straight line, f/p - Jessica
Aim: Jessica, wielding a dagger of speed and wearing a robe (heavily wounded, softly glowing)
You shoot a sling bullet. The sling bullet hits Jessica.
Jessica is severely wounded.
Jessica stops glowing.
Jessica very coldly says, "I hate your company."
Jessica gestures at you while chanting. Pain shoots through your body!
Ouch! That really hurt!
You die...

## #. .# #. ....
#. .#.# #. ...
#.#.#.. .. #.#..<
#.### #....#####.#
......#...@......#
...?##.#..?#####
... #.###@#
#.##.###.#
#....S((.#
#...####.#
#.....@[.#
#....###.#
####.##........#


You could see Jessica.

Vanquished Creatures
  3 giant geckos (D:1)
  3 bats
  4 goblins
  6 hobgoblins (D:1)
  4 kobolds (D:1)
  A giant newt (D:1)
  4 rats (D:1)
25 creatures vanquished.

Notes
Turn   | Place    | Note
--------------------------------------------------------------
     0 | D:1      | Oddball22 the Spriggan Arcane Marksman began the quest for the Orb.
     0 | D:1      | Reached XP level 1. HP: 9/9 MP: 3/3
   273 | D:1      | Reached XP level 2. HP: 4/14 MP: 2/5
   638 | D:1      | Learned a level 2 spell: Slow
   767 | D:1      | Reached XP level 3. HP: 14/17 MP: 5/7
   913 | D:1      | Learned a level 3 spell: Gell's Gravitas
   959 | D:2      | Noticed Jessica
   975 | D:2      | Killed from afar by Jessica

Vault maps used:
D:1:      lightli_arrival_isolated_outpost
D:2:      uniq_jessica

Skill      XL: |  1  2 |
---------------+-------+-----
Slings         | 3 |  3.4
Spellcasting   | 2 |  2.3
Fighting       | |  0.7
Dodging        | |  3.2
Hexes          | |  3.9

Action                   || total
-------------------------++-------
 Fire: Hunting sling     ||    63
 Cast: Corona            ||    15
       Slow              ||     2
